 Dungeon Crawl Stone Soup version 0.21-a0-344-g2144152 (webtiles) character file.

64 tidbits the Sneak (level 3, -4/14 HPs)
             Began as a Felid Venom Mage on Oct 4, 2017.
             Was a Follower of Dithmenos.
             Killed from afar by Sigmund (11 damage)
             ... with a puff of flame
             ... on level 2 of the Dungeon.
             The game lasted 00:04:55 (644 turns).

tidbits the Sneak (Felid Venom Mage)                 Turns: 644, Time: 00:04:56

Health: -4/14      AC:  1    Str:  3 (4)  XL:     3   Next: 91%
Magic:  0/7        EV: 18    Int: 19 (22) God:    Dithmenos [*.....]
Gold:   18         SH:  0    Dex: 13 (16) Spells: 3/6 levels left
                                        Lives:  0   Deaths: 0

rFire    . . .     SeeInvis +     - Unarmed
rCold    . . .     Gourm    .   (shield unavailable)
rNeg     . . .     Faith    .   (armour unavailable)
rPois    .         Spirit   .   (helmet unavailable)
rElec    .         Reflect  .   (cloak unavailable)
rCorr    .         Harm     .   (gloves unavailable)
MR       .....                  (boots unavailable)
Stlth    +++.......             (no amulet)
HPRegen  0.04/turn              f - ring of wizardry
MPRegen  0.10/turn              (no ring)

@: brilliant, wreathed by umbra, quick
A: no armour, no weapons or thrown items, stealth, claws 1, fangs 3, see
invisible, carnivore 3, speed 1, shaggy fur 1, slow metabolism 1, sharp paws
a: Renounce Religion


You were on level 2 of the Dungeon.
You worshipped Dithmenos.
Dithmenos was aware of your devotion.
You were full.

You visited 1 branch of the dungeon, and saw 3 of its levels.

You collected 18 gold pieces.

Inventory:

Missiles
 j - 26 arrows
Jewellery
 f - a ring of wizardry (left paw)
   (You found it on level 2 of the Dungeon)
Scrolls
 d - 2 scrolls of immolation {unknown}
 e - a scroll of remove curse {unknown}
Books
 a - a Young Poisoner's Handbook

   Spells                             Type                      Level
   a - Sting                          Conjuration/Poison           1
   b - Poisonous Vapours              Poison/Air                   2
   c - Mephitic Cloud                 Conjuration/Poison/Air       3
   d - Olgreb's Toxic Radiance        Poison                       4
   e - Venom Bolt                     Conjuration/Poison           5
Comestibles
 b - a meat ration
 k - 2 chunks of flesh
 l - a royal jelly


   Skills:
 - Level 3.0 Dodging
 + Level 4.3 Stealth
 + Level 1.8 Unarmed Combat
 - Level 2.1 Spellcasting
 - Level 1.1 Conjurations
 - Level 2.8 Poison Magic


You had 3 spell levels left.
You knew the following spells:

 Your Spells              Type           Power        Failure   Level  Hunger
p - Poisonous Vapours     Pois/Air       ###...       1%          2    ##.....
z - Sting                 Conj/Pois      ###.         1%          1    #......


Dungeon Overview and Level Annotations

Branches:
Dungeon (3/15)

Altars:
Dithmenos
Nemelex Xobeh
The Shining One

Annotations:
D:2 Sigmund


Innate Abilities, Weirdness & Mutations

You cannot wear armour.
You are incapable of wielding weapons or throwing items.
Your paws allow you to move quietly. (Stealth)
You have sharp claws.
You have razor-sharp teeth.
You have supernaturally acute eyesight. (SInv)
You are carnivorous and can eat meat at any time.
You cover ground quickly.
You are covered in fur. (AC +1)
You have a slow metabolism.
Your sharp claws are effective at attacking unaware monsters.


Message History

Aim: an adder (almost dead)
The sting hits the adder.
The adder is poisoned.
You kill the adder!
Dithmenos accepts your kill.
There is an escape hatch in the ceiling here.
A mysterious force pulls you upwards. The hatch slams shut behind you.
Found a royal jelly.
l - a royal jelly
Found a quarterstaff.
Found 6 large rocks.
Found 7 gold pieces.
Sigmund the Dreaded comes into view.
He is wielding a scythe of venom.
Sigmund picks up an orange potion.
Casting: Sting
Confirm with . or Enter, or press ? or * to list all spells.
Aiming: Sting
Press: ? - help, Shift-Dir - straight line, f - bat
Aim: a bat The sting misses the bat.
Sigmund looks at you with fury. The bat misses you. The bat closely misses you.
You barely miss the bat. The bat hits you but does no damage.
The bat misses you. The bat barely misses you.
Casting: Sting
Confirm with . or Enter, or press ? or * to list all spells.
Aiming: Sting
Press: ? - help, Shift-Dir - straight line, f/p - bat
Aim: a bat (umbra)
The sting hits the bat.
The bat is poisoned.
The bat is moderately wounded.
The bat misses you. x2
You kill the bat!
Dithmenos accepts your kill.
Casting: Sting
Confirm with . or Enter, or press ? or * to list all spells.
Aiming: Poisonous Vapours
Press: ? - help, Dir - move target cursor, f - Sigmund
Aim: Sigmund, wielding a scythe of venom and wearing a robe Poisonous vapours surround Sigmund!
Sigmund is engulfed in poison gas.
Sigmund is poisoned.
Casting: Poisonous Vapours
Confirm with . or Enter, or press ? or * to list all spells.
Aiming: Poisonous Vapours
Press: ? - help, Dir - move target cursor, f/p - Sigmund
Aim: Sigmund, wielding a scythe of venom and wearing a robe (lightly wounded, poisoned) Poisonous vapours surround Sigmund!
Sigmund is engulfed in poison gas.
Sigmund looks even sicker.
Casting: Poisonous Vapours
Confirm with . or Enter, or press ? or * to list all spells.
You don't have enough magic to cast that spell.
Okay, then.
It was a potion of curing.
You feel better.
It was a potion of degeneration.
There was something very wrong with that liquid.
You feel weakened.
You feel dopey.
You feel clumsy. Sigmund closely misses you.
Okay, then.
Okay, then.
Casting: Poisonous Vapours
Confirm with . or Enter, or press ? or * to list all spells.
Okay, then.
It was a potion of heal wounds.
You feel much better. Sigmund casts a spell at you. The puff of flame hits you!
Ouch! That really hurt!
* * * LOW HITPOINT WARNING * * *
It was a potion of brilliance.
You feel clever all of a sudden.
Casting: Poisonous Vapours
Confirm with . or Enter, or press ? or * to list all spells.
Aiming: Sting
Press: ? - help, Shift-Dir - straight line, f/p - Sigmund
Aim: Sigmund, wielding a scythe of venom and wearing a robe (heavily wounded, poisoned)
The sting hits Sigmund.
Sigmund appears unharmed.
Sigmund is heavily wounded.
Sigmund closely misses you.
Sigmund points at you and mumbles some strange words.
You resist with some effort.
Casting: Sting
Confirm with . or Enter, or press ? or * to list all spells.
Aiming: Sting
Press: ? - help, Shift-Dir - straight line, f/p - Sigmund
Aim: Sigmund, wielding a scythe of venom and wearing a robe (severely wounded, poisoned)
The sting hits Sigmund.
Sigmund looks even sicker.
Sigmund is severely wounded.
Casting: Sting
Confirm with . or Enter, or press ? or * to list all spells.
Okay, then.
Casting: Sting
Confirm with . or Enter, or press ? or * to list all spells.
Aiming: Sting
Press: ? - help, Shift-Dir - straight line, f/p - Sigmund
Aim: Sigmund, wielding a scythe of venom and wearing a robe (almost dead, poisoned)
The sting misses Sigmund.
Sigmund points at you and mumbles some strange words.
The puff of flame hits you!
Ouch! That really hurt!
You die...

##.....## #.@......#
##...## #.###.##.#
##+## #.# #.# # #@#
#@# ## #.# #.# ...
#.# #.# @.. #.# #.#
. .. #.###.##.#
....#.#####...@....#
...$..@......†..####
...##.########### #


You could see Sigmund.

Vanquished Creatures
  4 adders
  A dart slug (D:2)
  2 orcs (D:3)
  3 bats
  A giant cockroach (D:3)
  4 goblins
  2 hobgoblins
  3 jackals (D:3)
  6 rats
26 creatures vanquished.

Notes
Turn   | Place    | Note
-------+----------+-------------------------------------------
     0 | D:1      | tidbits the Felid Venom Mage began the quest for the Orb.
     0 | D:1      | Reached XP level 1. HP: 7/7 MP: 4/4
    65 | D:2      | Reached skill level 3 in Dodging
    65 | D:2      | Reached skill level 3 in Stealth
    65 | D:2      | Reached skill level 1 in Conjurations
    65 | D:2      | Reached XP level 2. HP: 3/11 MP: 0/6
    69 | D:2      | Learned a level 2 spell: Poisonous Vapours
   250 | D:3      | Found a sparkling altar of Nemelex Xobeh.
   312 | D:2      | Reached skill level 1 in Unarmed Combat
   328 | D:2      | Reached XP level 3. HP: 8/14 MP: 3/7
   340 | D:2      | Found a glowing golden altar of the Shining One.
   443 | D:3      | Found a faded altar of an unknown god.
   449 | D:3      | Became a worshipper of Dithmenos the Shadowed
   449 | D:3      | Reached * piety under Dithmenos
   499 | D:3      | Reached skill level 4 in Stealth
   513 | D:3      | Noticed an orc warrior
   610 | D:2      | Noticed Sigmund
   644 | D:2      | Killed from afar by Sigmund

Vault maps used:
D:1:      dpeg_arrival_castle
D:2:      tso_oasis_becter, minmay_rat_gold_closets, uniq_sigmund
D:3:      marbit_many_paths, chequers_ecumenical_altar_simple,
          kennysheep_flooded_box, nemelex_xobeh_ov_fountains_minmay

Skill      XL: |  1  2  3 |
---------------+----------+-----
Dodging        | 3 |  3.0
Stealth        | 3 4 |  4.3
Conjurations   | 1 |  1.1
Unarmed Combat | 1 |  1.8
Spellcasting   | |  2.1
Poison Magic   | |  2.8

Action                   || total
-------------------------++-------
Melee: Unarmed           ||    30
       Bite              ||     2
 Cast: Sting             ||    34
       Poisonous Vapours ||     8
  Use: Potion            ||     4
 Stab: Sleeping          ||     1
  Eat: Chunk             ||     4
Armor: Skin              ||     4
Dodge: Dodged            ||    29

Table legend:
 A = Spawn XP
 B = Non-spawn XP
 C = Spawn XP percentage of total XP
 D = Spawn monster count
 E = Non-spawn monster count
 F = Spawn count percentage of total count
 G = Total turns spent on level
                    A         B        C        D         E        F      G
               +---------+---------+-------+---------+---------+-------+---------
         Total |       0 |      92 |   0.0 |       0 |      26 |   0.0 |   644
               +---------+---------+-------+---------+---------+-------+---------
           D:2 |       0 |      39 |   0.0 |       0 |      10 |   0.0 |   340
           D:3 |       0 |      53 |   0.0 |       0 |      16 |   0.0 |   285
               +---------+---------+-------+---------+---------+-------+---------

Table legend:
 A = Turns spent in this place as a percentage of turns spent in the entire game.
 B = Non-inter-level travel turns spent in this place as a percentage of non-inter-level travel turns spent in the entire game.
 C = Inter-level travel turns spent in this place as a percentage of turns spent in this place.
 D = Turns resting spent in this place as a percentage of non-inter-level travel turns spent in this place.
 E = Turns spent auto-exploring this place as a percentage of non-inter-level travel turns spent in this place.
 F = Non-inter-level travel turns spent in this place divided by the number of levels of this place that you've seen.
                   A       B       C       D       E      F
               +-------+-------+-------+-------+-------+----------------------
         Total | 100.0 | 100.0 |   0.0 |   0.0 |   0.0 | 214.7
       Dungeon | 100.0 | 100.0 |   0.0 |   0.0 |   0.0 | 214.7
               +-------+-------+-------+-------+-------+----------------------

Table legend:
 A = Kills in this place as a percentage of kills in entire the game.
 B = Kills by you in this place as a percentage of kills by you in the entire game.
 C = Kills by friends in this place as a percentage of kills by friends in the entire game.
 D = Other kills in this place as a percentage of other kills in the entire game.
 E = Experience gained in this place as a percentage of experience gained in the entire game.
 F = Experience gained in this place divided by the number of levels of this place that you have seen.
                   A       B       C       D       E      F
               +-------+-------+-------+-------+-------+----------------------
         Total | 100.0 | 100.0 |   N/A |   N/A | 100.0 |  30.7
       Dungeon | 100.0 | 100.0 |   N/A |   N/A | 100.0 |  30.7
               +-------+-------+-------+-------+-------+----------------------

Vault maps used:
D:1:      dpeg_arrival_castle
D:2:      tso_oasis_becter, minmay_rat_gold_closets, uniq_sigmund
D:3:      marbit_many_paths, chequers_ecumenical_altar_simple,
          kennysheep_flooded_box, nemelex_xobeh_ov_fountains_minmay
